 Dungeon Sprint DCSS version 0.31-a0-986-g5e6e4ef867 (webtiles) character file.

Game seed: 17766414842539187680

28 fozzywoppz the Magician (level 3, -1/27 HPs)
             Began as a Demonspawn Hedge Wizard on Nov 7, 2023.
             Slain by a human (5 damage)
             ... in the Dungeon (Sprint III: "The Ten Rune Challenge").
             The game lasted 00:02:00 (200 turns).

fozzywoppz the Magician (Demonspawn Hedge Wizard)    Turns: 200, Time: 00:02:01

Health: -1/27      AC:  2    Str: 10    XL:     3   Next: 0%
Magic:  0/8        EV: 12    Int: 19    God:
Gold:   19         SH:  0    Dex: 12    Spells: 9/10 levels left

rFire   . . .        a - +0 dagger
rCold   . . .        (no shield)
rNeg    . . .        b - +0 robe
rPois   .            c - +0 hat
rElec   .            (no cloak)
rCorr   .            (no gloves)
SInv    .            (no boots)
Will    .....        (no amulet)
Stlth   ++           (no ring)
HPRegen 0.24/turn    (no ring)
MPRegen 0.11/turn

%: no teleportation
@: no status effects
A: hooves 1, big brain 1
a: no special abilities


You were in the Dungeon.
You visited 1 branch You collected 19 gold pieces.

Inventory:

Hand Weapons
 a - a +0 dagger (weapon)
Armour
 b - a +0 robe (worn)
 c - a +0 hat (worn)
Scrolls
 i - a scroll of blinking
Potions
 d - 3 potions of magic
 e - a potion of curing
 g - a potion of haste
 h - a potion of berserk rage


   Skills:
 + Level 2.1 Fighting
 + Level 2.7 Dodging
 + Level 3.4 Stealth
 + Level 4.0 Spellcasting
 + Level 2.3 Conjurations
 - Level 1.0 Summonings
 - Level 0.8 Translocations


You had 9 spell levels left.
You knew the following spells:

 Your Spells              Type           Power      Damage    Failure   Level
a - Magic Dart            Conj           48%        1d5       5%          1

Your spell library contained the following spells:

 Spells                   Type           Power      Damage    Failure   Level
 Slow                     Hex            12%        N/A       14%         1
 Blink                    Tloc           14%        N/A       14%         2
 Call Imp                 Summ           14%        N/A       14%         2
 Cigotuvi's Dreadful Rot  Necr/Pois/Air  6%         N/A       21%         2
 Mephitic Cloud           Conj/Pois/Air  6%         N/A       30%         3


Dungeon Overview and Level Annotations

Branches:
Dungeon (1/1)

Altars:


Innate Abilities, Weirdness & Mutations

You have large cloven feet.
You have an unusually large brain. (Int +2)


Message History

The human closely misses you.
Casting: Magic Dart (safe; 5% risk of failure)
Confirm with . or Enter, or press ? or * to list all spells.
Aiming: Magic Dart (safe; 5% risk of failure)
Press: ? - help, Shift-Dir - straight line, f/p - human
Aim: a human (severely wounded, 100% to hit)
The magic dart hits the human but does no damage.
The human is severely wounded.
The human closely misses you.
You hit the human.
The human is almost dead.
The human hits you.
You barely miss the human.
The human is severely wounded.
The human hits you.
You hit the human. Your kick misses the human.
The human is almost dead.
The human closely misses you.
You barely miss the human.
The human is almost dead.
The human closely misses you.
You closely miss the human.
The human is almost dead.
The human hits you but does no damage.
You hit the human. Your kick misses the human.
The human is almost dead.
The human completely misses you.
You hit the human but do no damage. Your kick misses the human.
The human is almost dead.
The human hits you!
* * * LOW HITPOINT WARNING * * *
Casting: Magic Dart (safe; 5% risk of failure)
Confirm with . or Enter, or press ? or * to list all spells.
Aiming: Magic Dart (safe; 5% risk of failure)
Press: ? - help, Shift-Dir - straight line, f/p - human
Aim: a human (almost dead, 100% to hit)
The magic dart hits the human.
The human is almost dead.
The human hits you.
You die...

▓▓▓▓▓▓▓▓▓
▓<..#...####
▓...#......##
▓..##.......#
▓##.##.##@.†# .#
##.##.###p.# ..#
▓#.####.##..# ...+
▓.###†.##..##
#p..# ▓#.....##..#
#....#
###..##)..##.....#
##..##....#......#
#..###..##.# #..#
#..####


You could see a human.

Vanquished Creatures
  Jessica (D)
  An endoplasm (D)
  2 rats (D)
4 creatures vanquished.

Notes
Turn   | Place    | Note
-------+----------+-------------------------------------------
     0 | D        | fozzywoppz the Demonspawn Hedge Wizard began the quest for
                  | the Orb.
     0 | D        | Reached XP level 1. HP: 13/13 MP: 4/4
    54 | D        | Noticed Jessica
    67 | D        | Killed Jessica
    68 | D        | Reached skill level 4 in Spellcasting
    68 | D        | Gained mutation: You have large cloven feet. [demonic
                  | ancestry]
    68 | D        | Reached XP level 2. HP: 7/22 MP: 4/7
    68 | D        | Gained mutation: You have an unusually large brain. (Int
                  | +2) [demonic ancestry]
    68 | D        | Reached XP level 3. HP: 9/27 MP: 4/8
   200 | D        | Slain by a human

Illustrated notes

Levels and vault maps discovered:
D:        dungeon_sprint_mu [sprint_mu_entry_cave, sprint_mu_temple_rooms,
          sprint_mu_d1_horrors, sprint_mu_d2_genie, sprint_mu_d3_branching,
          sprint_mu_orc_legion, sprint_mu_elf_gauntlet, sprint_mu_hive_nellie,
          sprint_mu_lair_fedhas, sprint_mu_vaults_butterflies,
          sprint_mu_slime_circle, sprint_mu_swamp_cave, sprint_mu_shoals_kraken,
          sprint_mu_blade_basic, sprint_mu_crypt_chambers,
          sprint_mu_tomb_spiral, sprint_mu_vestibule_basic,
          sprint_mu_gehenna_hellfire, sprint_mu_dis_giant,
          sprint_mu_tartarus_statrot, sprint_mu_cocytus_islands, sprint_mu_zot1]

Skill      XL: |  1 |
---------------+----+-----
Stealth        | 3 |  3.4
Fighting       | 2 |  2.1
Dodging        | 2 |  2.7
Spellcasting   | 4 |  4.0
Conjurations   | 2 |  2.3
Summonings     | |  1.0
Translocations | |  0.8

Action                     || total
---------------------------++-------
  Melee: Dagger            ||    35
         Kick              ||     6
   Cast: Magic Dart        ||    13
    Use: Potion            ||     1
   Stab: Sleeping          ||     3
 Armour: Robe              ||    16
  Dodge: Dodged            ||    25

Table legend: (Time is in decaauts)
 A = Elapsed time spent in this place.
 B = Non-inter-level travel time spent in this place.
 C = Inter-level travel time spent in this place.
 D = Time resting spent in this place.
 E = Time spent auto-exploring this place.
 F = Levels seen in this place.
 G = Mean time per level.
                   A        B        C        D        E       F      G
               +--------+--------+--------+--------+--------+-----+--------+
         Total |    200 |    200 |      0 |     92 |      0 |   1 |  200.0 |
       Dungeon |    200 |    200 |      0 |     92 |      0 |   1 |  200.0 |
               +--------+--------+--------+--------+--------+-----+--------+

Top non-repeatable levels by time:
       D: 200 daAuts
